 Dungeon Crawl Stone Soup version 0.30-a0-782-ge64f9170bb (webtiles) character file.

Game seed: 9061161647565461538

23 mopl the Magician (level 2, -2/17 HPs)
             Began as an Octopode Hedge Wizard on Mar 17, 2023.
             Slain by a worm (11 damage)
             ... on level 2 of the Dungeon.
             The game lasted 00:00:52 (808 turns).

mopl the Magician (Octopode Hedge Wizard)            Turns: 808, Time: 00:00:53

Health: -2/17      AC:  1    Str:  9    XL:     2   Next: 95%
Magic:  6/6        EV: 13    Int: 16    God:
Gold:   32         SH:  0    Dex: 11    Spells: 4/7 levels left

rFire   . . .      SeeInvis .    a - +0 dagger
rCold   + . .      Faith    .    (no shield)
rNeg    . . .      Spirit   .    b - +0 hat
rPois   .          Reflect  .    (no amulet)
rElec   .          Harm     .    h - ring of protection from cold
rCorr   .          Rampage  .    (no ring)
Will    .....                    (no ring)
Stlth   +++                      (no ring)
HPRegen 0.22/turn                (no ring)
MPRegen 0.10/turn                (no ring)
                                 (no ring)
                                 (no ring)

@: no status effects
A: almost no armour, amphibious, 8 rings, camouflage 1, gelatinous body 1,
(nimble swimmer 1), tentacles
a: no special abilities


You were on level 2 of the Dungeon.
You visited 1 branch of the dungeon, and saw 2 of its levels.

You collected 32 gold pieces.

Inventory:

Hand Weapons
 a - a +0 dagger (weapon)
Armour
 b - a +0 hat (worn)
Jewellery
 h - a ring of protection from cold (left tentacle)
Scrolls
 d - 2 scrolls of immolation {unknown}
 e - a scroll of vulnerability {unknown}
 i - a scroll of identify {unknown}
Potions
 c - a potion of magic
 f - a potion of invisibility {unknown}
 g - a potion of heal wounds {unknown}


   Skills:
 - Level 2.0 Dodging
 - Level 2.6 Stealth
 + Level 3.3 Spellcasting
 + Level 1.7 Conjurations
 - Level 1.0 Summonings
 + Level 1.7 Translocations


You had 4 spell levels left.
You knew the following spells:

 Your Spells              Type           Power      Damage    Failure   Level
a - Magic Dart            Conj           32%        1d4       9%          1
e - Blink                 Tloc           16%        N/A       14%         2

Your spell library contained the following spells:

 Spells                   Type           Power      Damage    Failure   Level
 Slow                     Hex            8%         N/A       19%         1
 Call Imp                 Summ           5%         N/A       19%         2
 Cigotuvi's Dreadful Rot  Necr/Pois/Air  4%         N/A       28%         2
 Mephitic Cloud           Conj/Pois/Air  4%         N/A       41%         3


Dungeon Overview and Level Annotations

Branches:
Dungeon (2/15)

Altars:


Innate Abilities, Weirdness & Mutations

You cannot wear most types of armour.
You are amphibious.
You can wear up to eight rings at the same time.
Your skin changes colour to match your surroundings (Stealth+).
Your rubbery body absorbs attacks. (AC +1, EV +1)
((You are camouflaged when in or above water. (Stealth+)))
You have tentacles for arms and can constrict up to eight enemies at once.


Message History

There is a stone staircase leading up here.
A rat is nearby!
A rat is nearby!
You closely miss the rat. You grab the rat. You squeeze the rat.
You kill the rat!
No target in view!
A quokka comes into view.
Found a scroll labelled HIHAKIOXTI.
Found 18 gold pieces.
You hit the quokka. You grab the quokka.
The quokka is severely wounded.
You constrict the quokka, but do no damage.
The quokka completely misses you. The quokka bites you.
You hit the quokka.
The quokka is almost dead.
You constrict the quokka.
You kill the quokka!
i - a scroll labelled HIHAKIOXTI HP restored.
Found a hand axe.
No target in view!
A worm comes into view.
A worm is nearby!
A jackal comes into view.
The jackal barks!
The worm barely misses you.
You barely miss the worm. You grab the worm. You squeeze the worm!
The worm is heavily wounded.
You constrict the worm. The worm bites you!
The teleport trap disappears.
The jackal disappears!
A jackal comes into view.
The jackal barks!
You hit the worm but do no damage.
The worm is heavily wounded.
You constrict the worm. You hit the worm.
The worm is heavily wounded.
You constrict the worm. The worm bites you!
Ouch! That really hurt!
You die...

..+........ ..
..#.....#.# .$. ..
..#.....#.####... ...
........#........ ....
#..........##+#####....
#.............$........
#......................
##......................
................@.......
####..#.....##...w..##..
....#.#.#.....ยง.....#
....#.#.#...........#
....#.#.#.............
....#.#.+...h..........
....#.###.....###.......
.....<........# .####..
.............


You could see a worm and a jackal.

Vanquished Creatures
  A dart slug (D:1)
  2 bats (D:1)
  2 endoplasms (D:1)
  A giant cockroach (D:1)
  3 goblins (D:1)
  2 hobgoblins (D:1)
  A quokka (D:2)
  3 ball pythons (D:1)
  2 frilled lizards (D:1)
  4 rats
21 creatures vanquished.

Notes
Turn   | Place    | Note
-------+----------+-------------------------------------------
     0 | D:1      | mopl the Octopode Hedge Wizard began the quest for the Orb.
     0 | D:1      | Reached XP level 1. HP: 11/11 MP: 4/4
   206 | D:1      | Reached XP level 2. HP: 17/17 MP: 6/6
   209 | D:1      | Learned a level 2 spell: Blink
   808 | D:2      | Slain by a worm

Illustrated notes

Levels and vault maps discovered:
D:1:      saegor_arrival_fortress, layout_basic
D:2:      layout_basic, uniq_natasha

Action                     || total
---------------------------++-------
  Melee: Dagger            ||    39
         Constrict         ||    10
         Tentacles         ||    10
   Cast: Magic Dart        ||     1
   Stab: Sleeping          ||     7
 Armour: Skin              ||     1
  Dodge: Dodged            ||    15

Table legend: (Time is in decaauts)
 A = Elapsed time spent in this place.
 B = Non-inter-level travel time spent in this place.
 C = Inter-level travel time spent in this place.
 D = Time resting spent in this place.
 E = Time spent auto-exploring this place.
 F = Levels seen in this place.
 G = Mean time per level.
                   A        B        C        D        E       F      G
               +--------+--------+--------+--------+--------+-----+--------+
         Total |    807 |    774 |     33 |     31 |    601 |   2 |  403.5 |
       Dungeon |    807 |    774 |     33 |     31 |    601 |   2 |  403.5 |
               +--------+--------+--------+--------+--------+-----+--------+

Top non-repeatable levels by time:
     D:1: 770 daAuts
     D:2: 36 daAuts
